Test_me, chaotic male human Ranger -------- |....... # #-------- |......| #############.....@.| |%......########## # #|...d..| -|------## . |.o..... # $$$ |(.....| # $$$$| |.....?. # $$$$| -------- ### .$$$$| # .$$$-- # ------ # -----|--- |.<....{| |.......| |.......| |.......| -----.--- # Test_me the Ranger Experience level: 4 Strength: 16 Dexterity: 11 Constitution: 16 Intelligence: 14 Wisdom: 14 Charisma: 8 Health: 0(36) Energy: 13(13) Def: 4 Gold: 658 Moves: 2042 Dungeon seed [set]: Game ID: Test_me_1685891630 Your Inventory: Coins $ - 658 gold pieces Weapons a - an uncursed corroded +1 dagger (alternate weapon; not wielded) b - an uncursed +2 bow (weapon in hand) c - 52 uncursed +2 arrows (in quiver) d - 33 uncursed +0 arrows Armor e - an uncursed +2 cloak of displacement (being worn) n - an uncursed +0 pair of water walking boots (being worn) Comestibles f - 3 uncursed cram rations o - an uncursed tripe ration v - an uncursed sprig of wolfsbane x - an uncursed lichen corpse Scrolls h - an uncursed scroll of identify i - an uncursed scroll of teleportation l - an uncursed scroll of enchant weapon s - 2 uncursed scrolls of light t - an uncursed scroll of scare monster u - an uncursed scroll of create monster I - a blessed scroll of blank paper J - 3 uncursed scrolls of blank paper Potions j - an uncursed potion of restore ability k - a cursed potion of blindness Wands g - an uncursed wand of slow monster (0:3) q - an uncursed wand of speed monster (0:7) Tools m - an uncursed sack Spells and supernatural/magical abilities: Name Level Category Fail Memory W - pray for help -- divine ? -- Your skills at the end: Miscellaneous Skills wands [Basic] stealth [Skilled] Weapon Skills dagger [Basic] bow [Basic] Spellcasting Skills Final Attributes: You were piously aligned. You had automatic searching. You were displaced. You were very stealthy. You could walk on water. You were lucky. You are dead. Vanquished creatures: a fog cloud a paper golem a kitten a kobold lord a rothe a gas spore an acid blob 4 large kobolds 2 hobgoblins 2 giant rats a cave spider a green mold 7 manes 6 jackals a kobold a newt 3 goblins 2 sewer rats 4 grid bugs a lichen 3 kobold zombies 45 creatures vanquished. Voluntary challenges: You did not adorn yourself with jewelry or accessories. You did not cause conflict. You were not invisible. You did not have reflection. You were an atheist. You used a wielded weapon 49 times, starting on turn 114. You did not use tools. You did not use plumbed fixtures. You did not drink any magical draughts. You were illiterate. You never genocided any monsters. You never polymorphed an object. You never changed form. You used no wishes. You did not use any artifacts. You never split a pudding. You never wrote Elbereth's name. You never violated your personal moral code. Dungeon overview: The Dungeons of Doom: levels 1 to 7 Level 1 a fountain a long staircase Level 2 Level 3 a jewelry store, a bench stairs to The Gnomish Mines Level 4 Level 5 a vault, a music store Level 6 a sink Level 7 <- You were here a fountain The Gnomish Mines: Level 4 stairs to The Dungeons of Doom History has recorded: On T:1 you entered the Dungeons of Doom to retrieve the Amulet of Yendor! On T:144 you reached level 2 of The Dungeons of Doom. On T:220 you reached level 3 of The Dungeons of Doom. On T:401 you advanced to experience level 2. On T:524 you reached level 1 of The Gnomish Mines. On T:826 you reached level 4 of The Dungeons of Doom. On T:889 you reached level 6 of The Dungeons of Doom. On T:1054 you advanced to experience level 3. On T:1176 you reached level 5 of The Dungeons of Doom. On T:1189 you advanced to experience level 4. On T:1882 you reached level 7 of The Dungeons of Doom. Score breakdown: Gold: 658 ( 65 points) Experience: 4 levels ( 300 points) Exploration: 7 levels ( 180 points) Discoveries: 12 items ( 600 points) Variety of kills: 21 monsters ( 1050 points) Major goal: (nothing yet) ( 0 points) Survival: died (score multiplied by 3) Total score: 6585 Latest messages: You resume your meal. You finish eating the rothe corpse. c - 3 uncursed +2 arrows (in quiver). I - an unlabeled scroll. J - an unlabeled scroll. (3x) You are now wielding your dagger. b - an uncursed +2 bow (alternate weapon; not wielded). Never mind. You are now wielding your bow. a - an uncursed corroded +1 dagger (alternate weapon; not wielded). The large dog bites! (2x) The arrow hits the large dog! The large dog bites! The arrow hits the large dog! The large dog bites! You die... The sack is empty. The sack is empty. Final status: Goodbye Test_me the Ranger, killed by a large dog... You died in The Dungeons of Doom on dungeon level 7 with 6585 points, and 658 pieces of gold, after 2042 moves. You were level 4 with a maximum of 36 hit points when you died.